 Dungeon Crawl Stone Soup version 0.31-a0-1236-gaa9e43cceb (webtiles) character file.

Game seed: 2738391215379410255

38 Majang the Shooter (level 3, -8/18 (21) HPs)
             Began as a Deep Elf Hunter on Dec 15, 2023.
             Mangled by Terence
             ... wielding the +7 Throatcutter {drain, coup de grace}
              (12 damage)
             ... on level 2 of the Dungeon.
             The game lasted 00:07:18 (838 turns).

Majang the Shooter (Deep Elf Hunter)                 Turns: 838, Time: 00:07:22

HP:   -8/18 (21)    AC:  3    Str:  6 (8)  XL:     3   Next: 25%
MP:   5/5           EV: 12    Int: 11 (13) God:
Gold: 22            SH:  0    Dex: 18 (20) Spells: 2/2 levels left

rFire   . . .        a - +0 shortbow
rCold   . . .        (shield currently unavailable)
rNeg    . . .        c - +0 leather armour
rPois   .            (no helmet)
rElec   .            (no cloak)
rCorr   .            (no gloves)
SInv    .            (no boots)
Will    .....        g - amulet of magic regeneration
Stlth   ++           (no ring)
HPRegen 0.23/turn    (no ring)
MPRegen 0.49/turn

%: no passive effects
@: heavily drained
A: no striking features
a: no special abilities


You were on level 2 of the Dungeon.
You visited 1 branch of the dungeon, and saw 2 of its levels.

You collected 22 gold pieces.

Inventory:

Hand Weapons
 a - a +0 shortbow (weapon)
Armour
 c - a +0 leather armour (worn)
Jewellery
 g - an amulet of magic regeneration (around neck)
Scrolls
 i - a scroll of vulnerability {unknown}
 j - a scroll of identify {unknown}
Potions
 e - 2 potions of curing
 f - a potion of heal wounds {unknown}
 h - a potion of mutation {unknown}
 k - a potion of berserk rage {unknown}


   Skills:
 * Level 2.2 Fighting
 * Level 5.8 Ranged Weapons
 + Level 2.9 Dodging
 + Level 1.9 Stealth


You had 2 spell levels left.
You didn't know any spells.
Your spell library contained the following spells:

 Spells                   Type           Power      Damage    Failure   Level
 Lesser Beckoning         Tloc           0%         N/A       63%         2
 Gell's Gravitas          Tloc           0%         N/A       86%         3
 Teleport Other           Tloc           0%         N/A       86%         3


Dungeon Overview and Level Annotations

Branches:
Dungeon (2/15)

Altars:

Annotations:
D:2 Natasha, Terence


Message History

Terence completely misses your butterfly.
You shoot an arrow. The arrow hits Terence.
Terence is moderately wounded.
Natasha misses your butterfly. Natasha claws your butterfly!
Your butterfly dies!
Your butterfly disappears in a burst of colours!
You shoot an arrow. The arrow barely misses Terence.
Terence hits you with the +7 Throatcutter {drain, coup de grace}!
Ouch! That really hurt!
* * * LOW HITPOINT WARNING * * *
You feel drained.
* * * LOW HITPOINT WARNING * * *
Natasha casts a spell.
It was a potion of curing.
You feel better.
Terence hits you with the +7 Throatcutter {drain, coup de grace}.
You feel drained.
Fire: a) +0 shortbow
Press: ? - help, Q - select action Shift-Dir - straight line, f/p - Terence
Aim: Terence, wielding the +7 Throatcutter {drain, coup de grace} and wearing a +0 scale mail (moderately wounded, ally target, 69% to hit)
You shoot an arrow. The arrow hits Terence.
Terence is moderately wounded.
Terence closely misses you. Natasha barely misses your butterfly.
Fire: a) +0 shortbow
Press: ? - help, Q - select action Shift-Dir - straight line, f/p - Terence
Aim: Terence, wielding the +7 Throatcutter {drain, coup de grace} and wearing a +0 scale mail (moderately wounded, ally target, 69% to hit)
You shoot an arrow. The arrow hits Terence.
Terence is heavily wounded.
Terence hits you with the +7 Throatcutter {drain, coup de grace}.
You feel drained.
* * * LOW HITPOINT WARNING * * *
Natasha claws your butterfly!
Your butterfly dies!
Your butterfly disappears in a burst of colours!
It was a potion of degeneration.
There was something very wrong with that liquid.
You feel weakened.
You feel dopey.
You feel clumsy.
Terence hits you with the +7 Throatcutter {drain, coup de grace}!
Ouch! That really hurt!
You die...
Terence says, "That felt goooood."

..
#######.####
.#..@.hb....
#....@bb.....
##..b.bbbb...
##.b.bbbbb..


#.bbbbbbb.. #<..bbb.b.. #.....bbb.. ########### You could see Terence (ally
target) and Natasha.

Vanquished Creatures
  A dart slug (D:1)
  3 bats (D:1)
  5 endoplasms (D:1)
  A giant cockroach (D:1)
  5 goblins (D:1)
  3 hobgoblins (D:1)
  4 jackals (D:1)
  2 ball pythons (D:1)
  3 frilled lizards (D:1)
  2 kobolds (D:1)
  2 rats (D:1)
31 creatures vanquished.

Notes
Turn   | Place    | Note
-------+----------+-------------------------------------------
     0 | D:1      | Majang the Deep Elf Hunter began the quest for the Orb.
     0 | D:1      | Reached XP level 1. HP: 12/12 MP: 3/3
    98 | D:1      | Reached XP level 2. HP: 17/17 MP: 4/4
   510 | D:1      | Reached XP level 3. HP: 14/21 MP: 5/5
   766 | D:2      | Noticed Terence
   828 | D:2      | Noticed Natasha
   834 | D:2      | HP: 1/20 [Terence/the +7 Throatcutter {drain, coup de
                  | grace} (1)]
   838 | D:2      | Mangled by Terence

Illustrated notes

Levels and vault maps discovered:
D:1:      dpeg_arrival_leaves_temple_mockup, layout_basic
D:2:      layout_rooms, dilly_ecumenical_altar_fadedgnrine, serial_bayou_pond_b,
          minmay_misc_feat_diagonals, kennysheep_big_empty_room, st_stairs_1,
          uniq_robin, uniq_natasha, uniq_terence

Skill      XL: |  1  2 |
---------------+-------+-----
Fighting       | 2 |  2.2
Ranged Weapons | |  5.8
Dodging        | |  2.9
Stealth        | |  1.9

Action                     || total
---------------------------++-------
   Fire: Shortbow          ||    82
    Use: Potion            ||     2
         Scroll            ||     1
 Armour: Leather armour    ||    26
  Dodge: Dodged            ||    18

Table legend: (Time is in decaauts)
 A = Elapsed time spent in this place.
 B = Non-inter-level travel time spent in this place.
 C = Inter-level travel time spent in this place.
 D = Time resting spent in this place.
 E = Time spent auto-exploring this place.
 F = Levels seen in this place.
 G = Mean time per level.
                   A        B        C        D        E       F      G
               +--------+--------+--------+--------+--------+-----+--------+
         Total |    853 |    780 |     73 |     22 |      0 |   2 |  426.5 |
       Dungeon |    853 |    780 |     73 |     22 |      0 |   2 |  426.5 |
               +--------+--------+--------+--------+--------+-----+--------+

Top non-repeatable levels by time:
     D:1: 831 daAuts
     D:2: 21 daAuts
